 Dungeon Crawl Stone Soup version 0.25-b1-23-ge2ad7d536c (webtiles) character file.

Game seed: 11222755629420336661, levelgen mode: deterministic

43 Esekla the Gusty (level 3, 0/29 HPs)
             Began as a Ghoul Air Elementalist on May 31, 2020.
             Hit by a stone thrown by a kobold (2 damage)
             ... on level 2 of the Dungeon.
             The game lasted 00:07:22 (1164 turns).

Esekla the Gusty (Ghoul Air Elementalist)           Turns: 1164, Time: 00:07:22

Health: 0/29       AC:  2    Str: 11    XL:     3   Next: 58%
Magic:  4/4        EV: 12    Int: 11    God:
Gold:   10         SH:  0    Dex:  9    Spells: 4/5 levels left

rFire    . . .     SeeInvis .     - Unarmed
rCold    + . .     Gourm    .   (no shield)
rNeg     + + +     Faith    .   a - +0 robe
rPois    ∞         Spirit   .   (no helmet)
rElec    .         Reflect  .   (no cloak)
rCorr    .         Harm     .   (no gloves)
MR       .....                  (no boots)
Stlth    ++........             (no amulet)
HPRegen  0.00/turn              b - ring of wizardry
MPRegen  0.09/turn              (no ring)

@: rotting
A: rotting body, claws 1, carnivore, cold resistance 1, negative energy
resistance 3, inhibited regeneration, torment resistance, unbreathing
a: no special abilities


You were on level 2 of the Dungeon.
You were not hungry.

You visited 1 branch of the dungeon, and saw 2 of its levels.

You collected 10 gold pieces.

Inventory:

Hand Weapons
 g - a +1 vorpal hand axe
Armour
 a - a +0 robe (worn)
Jewellery
 b - a ring of wizardry (left claw)
Scrolls
 d - a scroll of fog {unknown}
 e - a scroll of enchant armour {unknown}
 h - 2 scrolls of teleportation {unknown}
 i - a scroll of magic mapping {unknown}
 j - a scroll of remove curse {unknown}
 l - a scroll of enchant weapon {unknown}
Potions
 f - a potion of magic {unknown}
Comestibles
 c - 3 rations
 k - 3 chunks of flesh


   Skills:
 * Level 1.6 Fighting
 + Level 2.1 Dodging
 - Level 2.1 Stealth
 * Level 2.3 Unarmed Combat
 - Level 1.7 Spellcasting
 - Level 0.7 Conjurations
 - Level 2.4 Air Magic


You had 4 spell levels left.
You knew the following spells:

 Your Spells              Type           Power        Failure   Level  Hunger
a - Shock                 Conj/Air       #...         6%          1    ##.....

Your spell library contained the following spells:

 Spells                   Type           Power        Failure   Level  Hunger
 Swiftness                Chrm/Air       #.......     12%         2    ###....
 Static Discharge         Conj/Air       #.......     19%         3    ####...
 Airstrike                Air            #.........   38%         4    #####..
 Lightning Bolt           Conj/Air       #.........   83%         5    ######.


Dungeon Overview and Level Annotations

Branches:
Dungeon (2/15)

Altars:


Innate Abilities, Weirdness & Mutations

Your body is rotting away.
You thrive on raw meat.
You are immune to poison.
You have sharp fingernails.
You are carnivorous and can eat meat at any time.
Your flesh is cold resistant. (rC+)
You are immune to negative energy. (rN+++)
You do not regenerate when monsters are visible.
You are immune to unholy pain and torment.
You can survive without breathing.


Message History

The worm misses you.
You scratch the worm.
The worm is almost dead.
The worm barely misses you. The worm closely misses you.
You scratch the worm.
The worm is almost dead.
The worm bites you.
You barely miss the worm.
The worm is almost dead.
The worm closely misses you.
You scratch the worm.
You kill the worm!
The worm bites you!
* * * LOW HITPOINT WARNING * * *
You see here a scroll labeled XIUTSI MESK.
l - a scroll labeled XIUTSI MESK A kobold comes into view.
It is wielding a +0 dagger.
The kobold shouts!
The kobold throws a stone.
The stone hits you.
You die...

#.##..#.....#.###w# #.#
#.#.#.#....##.#
#.###...........#w# #
#.......#.#..#....#
######............####
.....#(#)#####.#.##
.###.#.#.# #.#.#
.....#.#.# ##.#.#
.#.#...#.####...@####
.......#.>..........#
.#.#.#.######)...##>....
.....#.#######.#.#######
####..................
#############.##### #.#
#K#


You could see a kobold.

Vanquished Creatures
  A worm (D:2)
  2 dart slugs (D:1)
  A leopard gecko (D:2)
  2 bats (D:2)
  6 goblins
  3 hobgoblins
  4 jackals (D:1)
  5 frilled lizards (D:1)
  4 kobolds
  7 rats
35 creatures vanquished.

Notes
Turn   | Place    | Note
-------+----------+-------------------------------------------
     0 | D:1      | Esekla the Ghoul Air Elementalist began the quest for the
                  | Orb.
     0 | D:1      | Reached XP level 1. HP: 14/14 MP: 2/2
   277 | D:1      | Reached XP level 2. HP: 19/22 MP: 1/3
   278 | D:1      | Reached skill level 1 in Fighting
   278 | D:1      | Reached skill level 1 in Unarmed Combat
   557 | D:1      | Reached XP level 3. HP: 28/28 MP: 4/4
  1151 | D:2      | HP: 1/29 [worm (9)]
  1164 | D:2      | Hit by a stone thrown by a kobold

Illustrated notes

Levels and vault maps discovered:
D:1:      wheals_arrival_linesprint, layout_basic,
          chequers_serial_rivers_micro_b
D:2:      layout_loops_ring, old_standard_altar, serial_glass, glass_columns_a,
          glass_columns_a, glass_columns_c, glass_columns_a, glass_columns_a,
          glass_columns_a, glass_columns_a, glass_columns_a

Skill      XL: |  1  2  3 |
---------------+----------+-----
Fighting       | 1 |  1.6
Dodging        | 2 |  2.1
Unarmed Combat | 1 2 |  2.3
Stealth        | |  2.1
Spellcasting   | |  1.7
Conjurations   | |  0.7
Air Magic      | |  2.4

Action                   || total
-------------------------++-------
Melee: Unarmed           ||   150
       Punch             ||     1
 Cast: Shock             ||     4
 Stab: Sleeping          ||     4
  Eat: Chunk             ||    15
Armor: Robe              ||    21
Dodge: Dodged            ||    87
